 Dungeon Crawl Stone Soup version 0.23.0 (webtiles) character file.

Game seed: 3429760540750551392

337071 night the Warrior (level 21, 0/141 HPs)
             Began as a Gargoyle Gladiator on Feb 17, 2019.
             Was the Champion of Makhleb.
             Slain by a vault warden
             ... wielding a +0 bardiche
              (40 damage)
             ... on level 4 of the Vaults on Feb 18, 2019.
             The game lasted 04:06:06 (46612 turns).

night the Warrior (Gargoyle Gladiator)             Turns: 46612, Time: 04:06:06

Health: 0/141      AC: 48    Str: 24    XL:     21   Next: 90%
Magic:  31/33      EV: 17    Int: 13    God:    Makhleb [******]
Gold:   2026       SH:  0    Dex: 18    Spells: 26/37 levels left

rFire    + + .     SeeInvis .   a - +3 lajatang of Experimentation {drain, rElec Dex+4}
rCold    . . .     Gourm    .   (shield currently unavailable)
rNeg     + . .     Faith    .   Z - +8 fire dragon scales
rPois    ∞         Spirit   .   c - +0 helmet
rElec    +         Reflect  .   u - +2 cloak {MR+}
rCorr    .         Harm     .   R - +1 pair of gloves {Dex+3}
MR       ++...                  s - +2 pair of boots {run}
Stlth    ..........             t - amulet of magic regeneration
HPRegen  0.33/turn              E - ring of protection from cold
MPRegen  0.48/turn              T - ring of wizardry

@: about to teleport, marked, flying, quick
A: big wings, negative energy resistance 1, electricity resistance, unbreathing,
petrification resistance, rot immunity, AC +16
}: 2/15 runes: serpentine, barnacled
a: Stop Flying, Minor Destruction, Lesser Servant of Makhleb, Major Destruction,
Greater Servant of Makhleb, Renounce Religion


You were on level 4 of the Vaults.
You worshipped Makhleb.
Makhleb was exalted by your worship.
You were very hungry.

You visited 7 branches of the dungeon, and saw 36 of its levels.
You also visited: Ossuary, Gauntlet, Ice Cave and Volcano.

You collected 4161 gold pieces.
You spent 2135 gold pieces at shops.

Inventory:

Hand Weapons
 a - the +3 lajatang of Experimentation (weapon) {drain, rElec Dex+4}
   (You acquired it on level 8 of the Dungeon)

   A truly terrible weapon, it drains the life of those it strikes.
   It affects your dexterity (+4).
   It insulates you from electricity.
 b - a +1 arbalest of flaming
 g - a +0 triple crossbow of freezing
 m - the +7 quarterstaff of Goel {crush, rC+ Int+5}
   (You found it in a Gauntlet)

   It inflicts extra damage upon your enemies.
   It affects your intelligence (+5).
   It protects you from cold.
Missiles
 d - 7 throwing nets (quivered)
 W - 711 bolts
Armour
 c - a +0 helmet (worn)
 s - a +2 pair of boots of running (worn)
 u - a +2 cloak of magic resistance (worn)
 Q - the +6 plate armour of Maehe {Regen+ Dex+3}
   (You found it on level 7 of the Dungeon)

   It affects your dexterity (+3).
   It increases your rate of regeneration.
 R - a +1 pair of gloves of dexterity (worn)
 X - the +2 scale mail of Yesterday {Dex+7}
   (You bought it in a shop on level 2 of the Orcish Mines)

   It affects your dexterity (+7).
 Z - +8 fire dragon scales (worn)
Jewellery
 l - an uncursed ring of protection from magic
 t - an amulet of magic regeneration (around neck)
 C - an uncursed ring of positive energy
 E - a ring of protection from cold (left hand)
 J - a +4 ring of strength
 N - a +4 ring of intelligence
 O - an uncursed ring of see invisible
 T - a ring of wizardry (right hand)
Wands
 j - a wand of clouds (11)
 n - a wand of acid (25)
 K - a wand of iceblast (48)
 Y - a wand of disintegration (34)
Scrolls
 h - 18 scrolls of remove curse
 k - 7 scrolls of magic mapping
 o - 2 scrolls of fear
 x - 9 scrolls of teleportation
 z - 4 scrolls of fog
 B - a scroll of blinking
 F - a scroll of silence
 H - a scroll of torment
 U - 2 scrolls of enchant weapon
 V - 10 scrolls of identify
Potions
 e - 11 potions of curing
 p - 2 potions of resistance
 q - 3 potions of might
 r - 4 potions of brilliance
 v - 13 potions of lignification
 w - 4 potions of magic
 D - 8 potions of heal wounds
 G - 4 potions of haste
 I - a potion of cancellation
 M - a potion of ambrosia
 P - 2 potions of agility
 S - 2 potions of berserk rage
Miscellaneous
 y - a lightning rod (1/4)
Comestibles
 f - 52 rations
 i - 10 chunks of flesh


   Skills:
 - Level 18.3 Fighting
 - Level 15.5 Staves
 - Level 12.2 Crossbows
 - Level 1.7 Throwing
 - Level 12.9 Armour
 - Level 10.6 Dodging
 - Level 8.5 Spellcasting
 - Level 8.3 Hexes
 - Level 8.3 Charms
 * Level 12.5 Summonings
 - Level 13.7 Invocations


You had 26 spell levels left.
You knew the following spells:

 Your Spells              Type           Power        Failure   Level  Hunger
a - Call Imp              Summ           #####...     1%          2    None
b - Spectral Weapon       Hex/Chrm       ####....     1%          3    ##.....
c - Shadow Creatures      Summ           N/A          11%         6    #######

Your spell library contained the following spells:

 Spells                   Type           Power        Failure   Level  Hunger
 Confusing Touch          Hex            ####..       1%          1    None
 Corona                   Hex            ####...      1%          1    None
 Infusion                 Chrm           ####         1%          1    None
 Slow                     Hex            ####....     1%          2    None
 Song of Slaying          Chrm           ####....     1%          2    None
 Confuse                  Hex            ####....     1%          3    ##.....
 Aura of Abjuration       Summ           #####.....   1%          5    #####..
 Summon Demon             Summ           #####.....   1%          5    #####..
 Recall                   Summ/Tloc      N/A          2%          3    ##.....
 Ensorcelled Hibernation  Hex/Ice        ###...       3%          2    None
 Shroud of Golubria       Chrm/Tloc      ###.......   3%          2    None
 Cause Fear               Hex            ####......   4%          4    ####...
 Summon Mana Viper        Hex/Summ       ####....     4%          5    #####..
 Inner Flame              Hex/Fire       ###.....     6%          3    ##.....
 Portal Projectile        Hex/Tloc       ###...       6%          3    ##.....
 Regeneration             Chrm/Necr      ###.......   6%          3    ##.....
 Flame Tongue             Conj/Fire      #....        12%         1    None
 Magic Dart               Conj           #...         12%         1    None
 Sandblast                Erth           #.....       12%         1    None
 Blink                    Tloc           N/A          17%         2    None
 Corpse Rot               Necr           N/A          17%         2    None
 Passwall                 Tmut/Erth      #.......     17%         2    None
 Throw Flame              Conj/Fire      #.....       17%         2    None
 Leda's Liquefaction      Hex/Erth       ###.......   21%         4    ####...
 Summon Forest            Summ/Tloc      ###.......   24%         5    #####..
 Conjure Flame            Conj/Fire      #.......     32%         3    ##.....
 Gell's Gravitas          Tloc           #.........   32%         3    ##.....
 Mephitic Cloud           Conj/Pois/Air  #.......     32%         3    ##.....
 Stone Arrow              Conj/Erth      #.....       32%         3    ##.....
 Darkness                 Hex            ####......   47%         6    #######
 Monstrous Menagerie      Summ           #####.....   47%         7    #######
 Summon Greater Demon     Summ           #####.....   47%         7    #######
 Excruciating Wounds      Chrm/Necr      ###.......   50%         5    #####..
 Metabolic Englaciation   Hex/Ice        ###.......   50%         5    #####..
 Silence                  Hex/Air        ###.......   50%         5    #####..
 Yara's Violent Unravell  Hex/Tmut       ###.......   50%         5    #####..
 Animate Dead             Necr           N/A          71%         4    ####...
 Ice Form                 Ice/Tmut       #.......     71%         4    ####...
 Petrify                  Tmut/Erth      #.......     71%         4    ####...
 Sticky Flame             Conj/Fire      #.......     71%         4    ####...
 Agony                    Necr           #.......     96%         5    #####..
 Bolt of Draining         Conj/Necr      #.........   96%         5    #####..
 Borgnjor's Vile Clutch   Necr/Erth      #.........   96%         5    #####..
 Dispel Undead            Necr           #.......     96%         5    #####..
 Fireball                 Conj/Fire      #.........   96%         5    #####..
 Lee's Rapid Deconstruct  Erth           #.........   96%         5    #####..
 Summon Horrible Things   Summ           #####.....   98%         8    #######
 Malign Gateway           Summ/Tloc      ###.......   99%         7    #######
 Bolt of Cold             Conj/Ice       #.........   100%        6    #######
 Bolt of Fire             Conj/Fire      #.........   100%        6    #######
 Death Channel            Necr           #.........   100%        6    #######
 Freezing Cloud           Conj/Ice/Air   #.........   100%        6    #######
 Ozocubu's Refrigeration  Ice            #.........   100%        6    #######
 Simulacrum               Ice/Necr       #.........   100%        6    #######
 Dragon Form              Tmut           #.........   100%        7    #######
 Dragon's Call            Summ           #####.....   100%        9    #######
 Sublimation of Blood     Necr           Unusable     N/A         2    N/A

Dungeon Overview and Level Annotations

Branches:
Dungeon (15/15)            Temple (1/1) D:7            Lair (6/6) D:8
 Shoals (4/4) Lair:4        Snake (4/4) Lair:4        Slime (0/5) Lair:5
    Orc (2/2) D:10            Elf (0/3) Orc:2        Vaults (4/5) D:13
  Crypt (0/3) Vaults:2     Depths (0/5) D:15

Altars:
Ashenzari
Cheibriados
Dithmenos
Elyvilon
Fedhas
Gozag
Hepliaklqana
Kikubaaqudgha
Makhleb
Nemelex Xobeh
Okawaru
Qazlal
Ru
Sif Muna
Trog
Uskayaw
Vehumet
Wu Jian
Xom
Yredelemnul
Zin
The Shining One
Beogh
Jiyva

Shops:
D:5 (   D:12 ??:   D:14 %%   D:15 *   Orc:2 ![%!   Shoals:2 ==   Snake:1 [
Vaults:4 =

Annotations:
D:7 2 transporters, coffeespoons's ghost, novice GrWn
Lair:3 1 runed translucent door, Sadonosm's ghost, journeyman DgSk
Shoals:2 3 runed translucent doors, Amuaxidi's ghost, adept FoCK
Shoals:3 2 transporters, AtomicRavioli's ghost, adept OgFi
Vaults:1 exclusion: obsidian statue
Vaults:2 3 runed translucent doors, Switch's ghost, veteran DDFi


Innate Abilities, Weirdness & Mutations

You are resistant to torment.
Your stone body is resilient. (AC +16)
You are immune to poison.
Your large and strong wings let you fly indefinitely.
You resist negative energy. (rN+)
You are resistant to electric shocks. (rElec)
You can survive without breathing.
You are immune to petrification.
You are immune to rotting.


Message History

a +0 great mace; a +0 scale mail; a human corpse
Casting: Spectral Weapon (safe; 1% risk of failure)
Confirm with . or Enter, or press ? or * to list all spells.
Okay, then.
As you read the scroll of teleportation, it crumbles to dust.
You feel strangely unstable.
The deep troll bites you but does no damage.
The deep troll claws you but does no damage.
The deep troll barely misses you.
The vault warden hits you but does no damage.
The runic seal fades away.
The vault guard hits you but does no damage.
The vault warden activates a sealing rune.
The deep troll completely misses you. The deep troll claws you.
* * * LOW HITPOINT WARNING * * *
The deep troll completely misses you.
You slice the deep troll!! You drain the deep troll.
The deep troll is heavily wounded.
The vault warden hits you from afar with a +0 bardiche!!!
You die...

....# ######## #....#
#......# #....# ##...... ###
#########....# ##..... ....
#..p....#....# ##...< .....
#..pC...#....# ##...
#.p.#.p)#pp.#....# ##..
#...C.pe#.pT+....##########+
#.......#..@#....#.......#..
#############....#..>(.).#..
#....#...(.).#..
#....'....().#..
#?...#....)))#..
#....#######)#..
#....#.....')'..
#....#.....#)###
#....#.....#....


You could see a stone giant, a vault warden, a vault guard, a deep troll, a
vault sentinel and 2 ironbrand convokers.

Vanquished Creatures
  Saint Roka (Vaults:4)
  Nikola (Vaults:1)
  An Ice Fiend (IceCv)
  A kraken (Shoals:2)
  Gastronok (Lair:1)
  Kirke (Snake:4)
  A sphinx (Vaults:3)
  11 nagarajas
  A storm dragon (Vaults:2)
  2 vault wardens
  A deep elf sorcerer (Vaults:1)
  An orc warlord (D:10)
  4 frost giants
  2 entropy weavers
  13 ironheart preservers
  5 stone giants
  2 deep elf demonologists (Vaults:3)
  Azrael (Snake:3)
  3 deep elf annihilators
  A dire elephant (Lair:6)
  A minotaur (Gauntlet)
  3 merfolk javelineers
  A fire dragon (Vaults:3)
  Josephine (D:13)
  A crystal guardian (Vaults:4)
  12 merfolk impalers
  8 yaktaur captains
  7 ogre magi
  A rakshasa (Vaults:1)
  2 great orbs of eyes
  5 ice dragons
  12 hydras
  Harold (Lair:1)
  A vault guard (Vaults:3)
  3 merfolk avatars
  2 alligator snapping turtles
  2 catoblepae (Lair:6)
  24 naga warriors
  7 centaur warriors
  16 anacondas
  3 merfolk aquamancers
  12 two-headed ogres
  6 death yaks (Lair:5)
  3 tengu warriors (D:15)
  A death knight (D:14)
  4 deep troll earth magi
  A satyr (Shoals:2)
  7 shock serpents
  9 orc high priests
  10 naga sharpshooters
  Nergalle (Lair:1)
  Urug (D:10)
  5 deep elf knights
  A hell knight (Volcano)
  11 skeletal warriors
  4 salamander mystics
  A fire crab (Gauntlet)
  An iron troll (D:13)
  4 shadow wraiths
  10 sea snakes
  2 glowing orange brains
  2 unseen horrors
  5 deep trolls
  9 naga ritualists
  5 deep elf archers
  12 orc knights
  A lindwurm (shapeshifter) (Vaults:2)
  A phantasmal warrior (Vaults:2)
  5 harpies (Shoals:4)
  5 wizards
  3 necromancers
  51 ugly things
  2 wolf spiders
  7 ironbrand convokers
  A tengu skeleton (Vaults:2)
  A wolf spider zombie (D:15)
  2 stone giant zombies
  8 orc sorcerers
  9 mana vipers
  9 manticores
  7 cyclopes
  11 fauns
  10 salamanders
  14 deep elf magi
  A fire giant skeleton (Vaults:2)
  5 human skeletons
  8 merfolk sirens
  A sphinx skeleton (Vaults:1)
  A stone giant skeleton (Vaults:2)
  34 black mambas
  An eye of devastation (Gauntlet)
  12 vault sentinels
  23 naga magi
  2 gargoyles
  A smoke demon (Volcano)
  13 elephants (Lair:6)
  2 ice statues
  16 guardian serpents
  10 spiny frogs
  A spiny frog (shapeshifter) (D:15)
  2 yaktaur zombies (Vaults:4)
  4 centaur skeletons
  3 anaconda simulacra (IceCv)
  5 rime drakes
  12 yaktaurs
  5 tengu conjurers
  9 komodo dragons
  4 ice devils (IceCv)
  5 freezing wraiths
  A harpy zombie (D:15)
  A golden dragon simulacrum (IceCv)
  2 red devils (Volcano)
  4 polar bears
  5 trolls
  16 merfolk
  4 hornets
  4 wind drakes
  26 slime creatures
  Prince Ribbit (D:6)
  9 blink frogs
  15 hippogriffs
  3 snapping turtles
  4 dream sheep (Lair:4)
  A meliai zombie (D:13)
  A frost giant simulacrum (Vaults:2)
  6 centaur simulacra
  A vampire (D:14)
  2 redbacks
  A human simulacrum (Vaults:1)
  Sigmund (D:2)
  6 flying skulls (Gauntlet)
  10 water elementals
  67 yaks
  2 hogs (Snake:4)
  6 wraiths
  3 dire elephant simulacra (IceCv)
  3 fire bats (Gauntlet)
  3 fire elementals (Snake:3)
  3 basilisks
  3 wyverns
  3 vampire mosquitoes (D:14)
  A yaktaur simulacrum (Vaults:1)
  A hungry ghost (D:10)
  A death yak simulacrum (IceCv)
  A harpy simulacrum (IceCv)
  2 iron troll simulacra (IceCv)
  70 nagas
  A soldier ant (D:14)
  26 wargs
  A swamp worm (shapeshifter) (Vaults:2)
  4 acid dragons
  2 floating eyes (Gauntlet)
  5 hydra simulacra (IceCv)
  An ogre skeleton (Vaults:1)
  A deep troll skeleton (Vaults:2)
  4 hell hounds
  14 water moccasins
  12 porcupines
  9 ice beasts
  45 orc warriors
  3 black bears
  A black bear (shapeshifter) (Vaults:2)
  6 sky beasts
  An eye of draining (D:15)
  19 wolves
  35 ogres
  7 boggarts
  24 centaurs
  4 phantoms
  An elf skeleton (Vaults:2)
  16 crocodiles
  3 big kobolds
  20 bullfrogs
  Blork the orc (D:4)
  3 elephant simulacra (IceCv)
  2 scorpions
  An elf simulacrum (Vaults:2)
  An orc simulacrum (Vaults:1)
  A swamp dragon simulacrum (IceCv)
  9 killer bees
  8 howler monkeys
  3 wights (D:13)
  3 electric eels (D:7)
  10 crimson imps
  2 centaur zombies
  3 bullfrog zombies
  A quasit (D:10)
  2 bullfrog skeletons
  3 draconian simulacra (IceCv)
  8 hounds
  5 jellies
  45 orc priests
  27 orc wizards
  4 human zombies
  Ijyb (D:5)
  4 iguanas
  6 hell rats (Lair:2)
  2 troll simulacra (IceCv)
  10 worker ants
  2 polar bear simulacra (IceCv)
  A wolf simulacrum (IceCv)
  A killer bee zombie (D:6)
  A big kobold zombie (Ossuary)
  A hound zombie (Ossuary)
  2 hound skeletons
  4 mummies (Ossuary)
  A worker ant zombie (D:9)
  12 adders
  11 gnolls
  An ogre simulacrum (IceCv)
  3 naga simulacra (IceCv)
  2 shadow imps
  7 white imps (IceCv)
  3 ufetubi (IceCv)
  An ooze (D:2)
  3 adder zombies
  2 adder skeletons
  4 worms
  3 dart slugs
  2 leopard geckos
  142 orcs
  7 bats
  5 giant cockroaches
  7 goblins
  4 hobgoblins
  18 jackals
  5 quokkas
  5 ball pythons
  6 frilled lizards
  A gnoll zombie (Ossuary)
  A goblin zombie (Ossuary)
  A jackal skeleton (D:4)
  A jackal zombie (Ossuary)
  14 kobolds
  A leopard gecko skeleton (D:5)
  3 orc zombies (Ossuary)
  A quokka skeleton (D:4)
  A quokka zombie (D:7)
  3 rats
  A bush (Lair:6)
  2 plants
1640 creatures vanquished.

Vanquished Creatures (collateral kills)
  Jory (Vaults:1)
  A frost giant (Shoals:4)
  A merfolk javelineer (Shoals:4)
  A merfolk avatar (Shoals:4)
  2 merfolk aquamancers
  A deep troll shaman (Vaults:4)
  2 satyrs
  A deep troll earth mage (Vaults:4)
  A sea snake (Shoals:4)
  A deep troll (Vaults:4)
  A manticore (Shoals:4)
  A faun (Shoals:2)
  5 merfolk
  A slime creature (Vaults:1)
  A snapping turtle (Shoals:2)
  A water elemental (Shoals:2)
  An orc warrior (D:9)
  An orc priest (D:9)
  5 orcs (D:9)
29 creatures vanquished.

Vanquished Creatures (others)
  A merfolk impaler (Shoals:4)
  An ogre mage (Vaults:1)
  A merfolk aquamancer (Shoals:4)
  A shadow wraith (Vaults:3)
  An ironbrand convoker (Vaults:1)
  A salamander (Snake:4)
  An elephant (Lair:6)
  A black mamba (Snake:3)
  A naga mage (Snake:3)
  A hippogriff (Shoals:2)
  A human (Snake:4)
  A boggart (Vaults:1)
  An ogre (Vaults:1)
  5 white imps (IceCv)
  An ufetubus (IceCv)
  8 fungi
  20 plants
  3 spectral weapons
  10 tentacles (Shoals:2)
60 creatures vanquished.

Grand Total: 1729 creatures vanquished

Notes
Turn   | Place    | Note
-------+----------+-------------------------------------------
     0 | D:1      | night the Gargoyle Gladiator began the quest for the Orb.
     0 | D:1      | Reached XP level 1. HP: 12/12 MP: 1/1
   231 | D:1      | Reached XP level 2. HP: 18/18 MP: 2/2
   456 | D:1      | Reached skill level 3 in Fighting
   905 | D:1      | Reached XP level 3. HP: 23/23 MP: 3/3
  1309 | D:2      | Reached XP level 4. HP: 21/28 MP: 4/4
  1538 | D:2      | Found a shadowy altar of Dithmenos.
  1635 | D:2      | Noticed Sigmund
  1642 | D:2      | Killed Sigmund
  1642 | D:2      | Reached skill level 5 in Fighting
  1642 | D:2      | Reached skill level 5 in Staves
  1642 | D:2      | Reached XP level 5. HP: 35/35 MP: 5/5
  1642 | D:2      | Reached XP level 6. HP: 40/40 MP: 6/6
  1670 | D:2      | Found a glowing silver altar of Zin.
  2914 | D:4      | Noticed Blork the orc
  2926 | D:4      | Killed Blork the orc
  2926 | D:4      | Reached XP level 7. HP: 9/45 MP: 7/7
  3098 | D:4      | Found a sand-covered staircase.
  3106 | Ossuary  | Entered an ossuary
  3115 | Ossuary  | Reached skill level 6 in Fighting
  4069 | D:4      | Found a sacrificial altar of Ru.
  4131 | D:4      | Found a white marble altar of Elyvilon.
  4238 | D:4      | Found a blossoming altar of Fedhas.
  4679 | D:4      | Reached skill level 7 in Fighting
  4679 | D:4      | Reached XP level 8. HP: 53/53 MP: 8/8
  4871 | D:4      | Found a burning altar of Makhleb.
  4892 | D:4      | Became a worshipper of Makhleb the Destroyer
  4939 | D:5      | Entered Level 5 of the Dungeon
  5126 | D:5      | Found a bloodstained altar of Trog.
  5172 | D:5      | Noticed Ijyb
  5184 | D:5      | Killed Ijyb
  5184 | D:5      | Reached skill level 1 in Invocations
  5764 | D:5      | Found Ruemasat's Antique Weapon Emporium.
  5892 | D:6      | Reached skill level 8 in Fighting
  5903 | D:6      | Got a sheer robe
  5914 | D:6      | Identified the +1 robe "Porghoan" {Stlth+} (You found it on
                  | level 6 of the Dungeon)
  6150 | D:6      | Reached * piety under Makhleb
  6304 | D:6      | Reached XP level 9. HP: 49/60 MP: 11/11
  6722 | D:7      | Noticed Prince Ribbit
  7054 | D:7      | Found a staircase to the Ecumenical Temple.
  7062 | Temple   | Entered the Ecumenical Temple
  7400 | D:7      | Reached skill level 9 in Fighting
  7402 | D:7      | Reached skill level 5 in Invocations
  7421 | D:7      | Found a transporter.
  7421 | D:7      | Noticed coffeespoons's ghost (novice GrWn)
  7435 | D:7      | Found a transporter.
  7617 | D:7      | Found an ancient bone altar of Kikubaaqudgha.
  7622 | D:7      | Found a hide-covered altar of Uskayaw.
  7629 | D:7      | Got a brightly glowing plate armour
  7640 | D:7      | Identified the +6 plate armour of Maehe {Regen+ Dex+3} (You
                  | found it on level 7 of the Dungeon)
  7643 | D:7      | Found a sparkling altar of Nemelex Xobeh.
  7768 | D:8      | Found a staircase to the Lair.
  7812 | D:8      | Noticed a two-headed ogre
  7846 | D:7      | Reached ** piety under Makhleb
  7951 | D:8      | Killed a two-headed ogre
  7951 | D:8      | Reached skill level 10 in Staves
  7951 | D:8      | Reached XP level 10. HP: 19/66 MP: 13/15
  8216 | D:8      | Identified a scroll of acquirement
  8217 | D:8      | Got a dazzling lajatang
  8218 | D:8      | Identified the +3 lajatang of Experimentation {drain, rElec
                  | Dex+4} (You acquired it on level 8 of the Dungeon)
  8415 | D:8      | Reached *** piety under Makhleb
  8468 | D:8      | Found a basalt altar of Yredelemnul.
  9053 | D:6      | Killed Prince Ribbit
  9251 | D:9      | Reached XP level 11. HP: 71/71 MP: 17/17
  9332 | D:9      | Noticed an orc knight
  9332 | D:9      | Noticed an orc knight
  9373 | D:9      | Killed an orc knight
  9376 | D:9      | Killed an orc knight
  9475 | D:9      | Reached **** piety under Makhleb
  9571 | D:9      | Noticed an orc knight
  9595 | D:9      | Killed an orc knight
 10041 | D:9      | Reached skill level 1 in Armour
 10262 | D:9      | Reached ***** piety under Makhleb
 10267 | D:9      | Reached skill level 1 in Crossbows
 10271 | D:9      | Reached skill level 10 in Invocations
 10335 | Lair:1   | Entered Level 1 of the Lair of Beasts
 10346 | Lair:1   | Noticed Harold
 10372 | Lair:1   | Killed Harold
 10441 | Lair:1   | Found a dark tunnel.
 10456 | Volcano  | Entered a volcano
 10497 | Volcano  | Reached XP level 12. HP: 76/76 MP: 19/19
 11046 | Lair:1   | Noticed Nergalle
 11053 | Lair:1   | Killed Nergalle
 11243 | Lair:1   | Noticed Gastronok
 11257 | Lair:1   | Killed Gastronok
 11257 | Lair:1   | Reached skill level 5 in Armour
 11375 | Lair:2   | You fall through a shaft for 2 floors!
 11532 | Lair:3   | Reached skill level 10 in Fighting
 11580 | Lair:3   | Noticed a four-headed hydra
 11601 | Lair:3   | Killed a four-headed hydra
 11690 | Lair:3   | Noticed a six-headed hydra
 11707 | Lair:3   | Killed a six-headed hydra
 12062 | Lair:2   | Reached XP level 13. HP: 83/83 MP: 20/20
 12718 | Lair:3   | Reached skill level 5 in Crossbows
 12819 | Lair:3   | Reached skill level 5 in Dodging
 12820 | Lair:3   | Found a runed translucent door.
 12821 | Lair:3   | Found a shimmering altar of Xom.
 12821 | Lair:3   | Noticed Sadonosm's ghost (journeyman DgSk)
 13408 | Lair:4   | Found a staircase to the Snake Pit.
 13706 | Lair:4   | Found a staircase to the Shoals.
 13832 | Lair:4   | Reached ****** piety under Makhleb
 13890 | Lair:4   | Reached skill level 11 in Fighting
 14139 | Lair:5   | Found the +4 dagger "Morg" {pain, MR+ Int+5}
 14268 | Lair:5   | Found a viscous altar of Jiyva.
 14270 | Lair:5   | Found a staircase to the Slime Pits.
 14664 | Lair:5   | Noticed an ice dragon
 14763 | Lair:5   | Killed an ice dragon
 14970 | Lair:6   | Entered Level 6 of the Lair of Beasts
 15061 | Lair:6   | Reached skill level 10 in Armour
 15230 | Lair:6   | Gained mutation: Your large and strong wings let you fly
                  | indefinitely. [Gargoyle growth]
 15230 | Lair:6   | Reached XP level 14. HP: 90/90 MP: 21/21
 15579 | Lair:6   | Reached skill level 12 in Fighting
 16091 | Lair:6   | Got a translucent trident
 16092 | Lair:6   | Identified the +11 trident of Wikkasuf {pierce, Int-3 Dex+3
                  | SInv} (You found it on level 6 of the Lair of Beasts)
 16257 | Lair:6   | Noticed a dire elephant
 16275 | Lair:6   | Killed a dire elephant
 16430 | D:10     | Entered Level 10 of the Dungeon
 16466 | D:10     | Noticed Urug
 16490 | D:10     | Killed Urug
 16608 | D:10     | Found a staircase to the Orcish Mines.
 17135 | Orc:1    | Entered Level 1 of the Orcish Mines
 17221 | Orc:1    | Noticed an orc warlord
 17278 | D:10     | Killed an orc warlord
 17653 | Orc:2    | Entered Level 2 of the Orcish Mines
 17672 | Orc:1    | Reached XP level 15. HP: 97/97 MP: 23/23
 18261 | Orc:2    | Reached skill level 13 in Fighting
 18351 | Orc:2    | Found a staircase to the Elven Halls.
 19145 | Orc:2    | Found Haumium's Distillery.
 19339 | Orc:2    | Found Epru's Antique Armour Boutique.
 19391 | Orc:2    | Found a roughly hewn altar of Beogh.
 19522 | Orc:2    | Found Qityb's Food Shoppe.
 19737 | Orc:2    | Found Leminlea's Distillery.
 19971 | D:11     | Found a gate leading to a gauntlet.
 19981 | Gauntlet | Entered a Gauntlet
 19981 | Gauntlet | Found a transporter.
 19981 | Gauntlet | Found a runed translucent door.
 19981 | Gauntlet | Found a runed translucent door.
 19981 | Gauntlet | Found a transporter.
 19981 | Gauntlet | Found a transporter.
 19985 | Gauntlet | Found a transporter.
 19986 | Gauntlet | Found a transporter.
 19989 | Gauntlet | Found a transporter.
 19995 | Gauntlet | Found a transporter.
 19997 | Gauntlet | Found a transporter.
 19998 | Gauntlet | Found a transporter.
 20000 | Gauntlet | Found a transporter.
 20042 | Gauntlet | Found a runed translucent door.
 20044 | Gauntlet | Found a transporter.
 20045 | Gauntlet | Found a transporter.
 20201 | Gauntlet | Paralysed by a floating eye for 4 turns
 20208 | Gauntlet | Paralysed by a floating eye for 2 turns
 20213 | Gauntlet | Paralysed by a floating eye for 3 turns
 20275 | Gauntlet | Got a crude quarterstaff
 20276 | Gauntlet | Identified the +7 quarterstaff of Goel {crush, rC+ Int+5}
                  | (You found it in a Gauntlet)
 20366 | Gauntlet | Identified a +2 pair of boots of running (You found it in a
                  | Gauntlet)
 21242 | D:12     | Found Nogug's Magic Scroll Shoppe.
 21250 | D:12     | Found an opulent altar of Gozag.
 21390 | D:12     | Reached skill level 10 in Crossbows
 21735 | D:12     | Bought a scroll of blinking for 127 gold pieces
 21901 | D:12     | Found Cion's Book Shop.
 21939 | D:12     | Learned a level 2 spell: Call Imp
 21988 | D:12     | Found Ottaostra's Magic Scroll Emporium.
 22005 | D:12     | Bought a scroll of blinking for 127 gold pieces
 22233 | D:13     | Noticed Josephine
 22246 | D:13     | Killed Josephine
 22371 | D:13     | Reached skill level 1 in Spellcasting
 22371 | D:13     | Reached skill level 1 in Summonings
 22750 | D:13     | Reached XP level 16. HP: 105/105 MP: 25/25
 22955 | D:13     | Reached skill level 14 in Fighting
 23363 | D:13     | Found a shadowy altar of Dithmenos.
 23609 | D:13     | Found a gate to the Vaults.
 23797 | D:14     | Found Kovies's Food Boutique.
 24270 | D:14     | Found Izofif's Food Shop.
 24834 | D:15     | Entered Level 15 of the Dungeon
 24834 | D:15     | Found Kyzipn's Assorted Antiques.
 25677 | D:15     | Reached skill level 5 in Summonings
 25684 | D:15     | Reached skill level 5 in Spellcasting
 25734 | D:15     | Found a staircase to the Depths.
 26039 | Orc:2    | Bought a translucent scale mail for 261 gold pieces
 26049 | Orc:2    | Identified the +2 scale mail of Yesterday {Dex+7} (You
                  | bought it in a shop on level 2 of the Orcish Mines)
 26433 | Snake:1  | Entered Level 1 of the Snake Pit
 26534 | Snake:1  | Found Naujuik's Antique Armour Shop.
 26638 | Snake:1  | Reached XP level 17. HP: 112/112 MP: 26/26
 26664 | Snake:1  | Reached skill level 15 in Fighting
 27616 | Snake:1  | Learned a level 3 spell: Spectral Weapon
 27847 | Snake:2  | Reached skill level 1 in Charms
 27861 | Snake:2  | Reached skill level 1 in Hexes
 29480 | Snake:3  | Noticed Azrael
 29516 | Snake:3  | Killed Azrael
 29516 | Snake:3  | Reached skill level 5 in Hexes
 29516 | Snake:3  | Reached skill level 5 in Charms
 29746 | Snake:3  | Reached XP level 18. HP: 119/119 MP: 27/27
 30171 | Snake:4  | Entered Level 4 of the Snake Pit
 30214 | Snake:4  | Noticed Kirke
 30231 | Snake:4  | Killed Kirke
 31916 | Snake:4  | Got a serpentine rune of Zot
 32549 | D:12     | Bought a book of Dreams for 1050 gold pieces
 32558 | D:12     | Learned a level 6 spell: Shadow Creatures
 32757 | Shoals:1 | Entered Level 1 of the Shoals
 32926 | Shoals:1 | Reached XP level 19. HP: 125/125 MP: 29/29
 33067 | Shoals:1 | Found a frozen archway.
 33091 | IceCv    | Entered an ice cave
 34067 | IceCv    | Noticed an Ice Fiend
 34097 | IceCv    | Killed an Ice Fiend
 36363 | Shoals:2 | Found Viruosku's Jewellery Shop.
 36590 | Shoals:2 | Found Dici's Jewellery Shoppe.
 36605 | Shoals:2 | Bought an uncursed ring of wizardry for 570 gold pieces
 36665 | Shoals:2 | Found a runed translucent gate.
 36666 | Shoals:2 | Found a runed translucent gate.
 36667 | Shoals:2 | Found a runed translucent gate.
 36672 | Shoals:2 | Noticed Amuaxidi's ghost (adept FoCK)
 37269 | Shoals:3 | Noticed AtomicRavioli's ghost (adept OgFi)
 37293 | Shoals:3 | Found a transporter.
 38095 | Shoals:3 | Found a transporter.
 38173 | Shoals:4 | Entered Level 4 of the Shoals
 38295 | Shoals:4 | Reached skill level 16 in Fighting
 38736 | Shoals:4 | Got a barnacled rune of Zot
 38793 | Shoals:4 | Identified the ring "Curif Boosk" {*Tele Str+2} (You found
                  | it on level 4 of the Shoals)
 39820 | Vaults:1 | Entered Level 1 of the Vaults
 39850 | Vaults:1 | Reached skill level 15 in Staves
 40104 | Vaults:1 | Reached XP level 20. HP: 130/132 MP: 32/32
 40281 | Vaults:1 | Reached skill level 17 in Fighting
 40283 | Vaults:1 | Noticed Nikola
 40311 | Vaults:1 | Killed Nikola
 41799 | Vaults:2 | Noticed Jory
 41862 | Vaults:1 | Killed Jory
 42611 | Vaults:2 | Found a runed translucent gate.
 42612 | Vaults:2 | Found a runed translucent gate.
 42613 | Vaults:2 | Found a runed translucent gate.
 42616 | Vaults:2 | Noticed Switch's ghost (veteran DDFi)
 42738 | Vaults:2 | Reached skill level 10 in Dodging
 42867 | Vaults:2 | Found a staircase to the Crypt.
 43326 | Vaults:2 | Reached skill level 18 in Fighting
 43601 | Vaults:2 | Got a pair of faintly glowing gloves
 43612 | Vaults:2 | Identified the -1 pair of gloves of Prudence {rC+ rN+} (You
                  | acquired it on level 2 of the Vaults)
 43716 | Vaults:3 | Reached XP level 21. HP: 141/141 MP: 33/33
 44423 | Vaults:3 | Paralysed by a sphinx for 2 turns
 44962 | Vaults:3 | Reached skill level 10 in Summonings
 45917 | Vaults:4 | Noticed Saint Roka
 45938 | Vaults:4 | Killed Saint Roka
 46364 | Vaults:4 | Found Kawugees's Jewellery Emporium.
 46612 | Vaults:4 | Slain by a vault warden

Skill      XL: |  1  2  3  4  5  6  7  8  9 10 11 12 13 14 15 16 17 18 19 20 21 |
---------------+----------------------------------------------------------------+-----
Fighting       | 3 5 7 8 9 10 11 12 13 14 15 16 18 | 18.3
Staves         | 4 5 7 8 10 12 13 14 15 | 15.5
Invocations    | 3 6 8 10 11 12 13 | 13.7
Armour         | 3 7 10 12 | 12.9
Crossbows      | 1 4 6 8 10 11 12 | 12.2
Dodging        | 3 4 6 7 9 10 | 10.6
Spellcasting   | 1 5 6 7 8 |  8.5
Summonings     | 1 5 7 9 12 | 12.5
Charms         | 5 8 |  8.3
Hexes          | 5 8 |  8.3
Throwing       | |  1.7

Action                   |  1- 3 |  4- 6 |  7- 9 | 10-12 | 13-15 | 16-18 | 19-21 || total
-------------------------+-------+-------+-------+-------+-------+-------+-------++-------
Melee: Quarterstaff      |    84 |    96 |   546 |   104 |    72 |    54 |    22 ||   978
       Lajatang          |       |       |       |   543 |  1589 |  1862 |  2303 ||  6297
 Fire: Arbalest          |       |       |       |       |    27 |    34 |    39 ||   100
       Triple crossbow   |       |       |       |       |       |    18 |     3 ||    21
Throw: Throwing net      |       |       |       |     2 |       |       |     1 ||     3
 Cast: Spectral Weapon   |       |       |       |       |       |     3 |     1 ||     4
       Shadow Creatures  |       |       |       |       |       |       |     4 ||     4
Invok: Lesser Servant of |       |       |       |     1 |       |       |     2 ||     3
       Major Destruction |       |       |       |     3 |       |       |     3 ||     6
       Minor Destruction |       |       |       |       |     2 |     3 |     2 ||     7
       Greater Servant o |       |       |       |       |       |       |     4 ||     4
 Abil: Fly               |       |       |       |       |     1 |       |       ||     1
Evoke: Wand              |       |     2 |     1 |     6 |       |     1 |     7 ||    17
       Lightning rod     |       |       |       |     1 |       |     4 |     8 ||    13
  Use: Potion            |       |       |     1 |     1 |     4 |     3 |     7 ||    16
       Scroll            |       |       |     5 |     7 |    19 |     4 |    19 ||    54
 Stab: Distracted        |       |       |       |     1 |       |     2 |     4 ||     7
       Held in net/web   |       |       |       |     1 |       |       |       ||     1
       Petrifying        |       |       |       |       |     1 |       |       ||     1
  Eat: Chunk             |     1 |     5 |    10 |    14 |    33 |    22 |    31 ||   116
       Ration            |       |       |     2 |       |     1 |     3 |     4 ||    10
Armor: Leather armour    |     7 |       |       |       |       |       |       ||     7
       Ring mail         |    15 |    43 |    62 |       |       |       |       ||   120
       Skin              |       |       |   101 |       |       |       |       ||   101
       Scale mail        |       |       |   232 |       |       |    12 |   143 ||   387
       Plate armour      |       |       |    53 |   449 |  1222 |  1559 |  1282 ||  4565
       Fire dragon scale |       |       |       |       |       |       |   228 ||   228
Dodge: Dodged            |    59 |    64 |   336 |   191 |   871 |   997 |  1367 ||  3885
